Map: Eternal Empire LE

Players

Cham - Winner!

  • Race: Zerg Zerg
  • League: Grandmaster
  • Spawn Location: 1:00

SpeCial

  • Race: Terran Terran
  • League: Master
  • Spawn Location: 7:00

Event: DreamHack SC2 Masters 2020 Fall

VOD

Have the link to the VOD?

Description

Time

  • Played on: Aug. 29, 2020, 4:23 p.m.
  • Length: 15:48

All games in this series

Show
View Real Time Build Order
Export as new Build Order

Cham Zerg - Winner!

Build Orders: Hatch First, Muta Ling Bane 

Get SALT Encoding   

  12  0:01  Drone  
  13  0:08  Drone  
  14  0:17  Overlord  
  14  0:36  Drone x2  
  16  0:48  Hatchery  
  15  0:52  Drone  
  15  0:57  Drone  
  17  1:02  Drone  
  18  1:11  Extractor  
  17  1:16  Spawning Pool  
  17  1:18  Drone  
  17  1:21  Drone  
  18  1:30  Drone  
  19  1:41  Drone  
  20  1:52  Overlord  
  20  2:03  Queen x2, Zergling x2  
  20  2:04  Zergling x2  
  26  2:11  Drone  
  26  2:14  Metabolic Boost  
  26  2:15  Drone  
  28  2:23  Drone  
  29  2:35  Drone  
  30  2:43  Hatchery  
  29  2:46  Drone x3  
  29  2:47  Drone  
  33  2:54  Queen  
  33  2:58  Overlord  
  35  3:02  Drone  
  36  3:07  Overlord  
  36  3:17  Drone x2  
  36  3:18  Drone x2  
  36  3:19  Drone  
  41  3:25  Overlord  
  41  3:29  Drone  
  41  3:31  Queen  
  44  3:37  Zergling x2  
  44  3:38  Drone  
  46  3:43  Overlord  
  46  3:45  Zergling x6  
  46  3:46  Drone x2  
  51  3:49  Lair  
  51  3:52  Extractor  
  51  3:54  Overlord  
  50  3:56  Drone  
  50  3:59  Drone  
  50  4:02  Drone x2  
  54  4:05  Queen  
  54  4:09  Drone  
  57  4:13  Drone  
  57  4:15  Drone  
  57  4:16  Baneling Nest  
  57  4:17  Drone  
  59  4:20  Drone x2  
  62  4:24  Drone  
  62  4:26  Zergling x6  
  65  4:31  Drone x2  
  65  4:32  Drone  
  65  4:36  Drone x3  
  71  4:39  Drone  
  71  4:41  Drone x2  
  74  4:46  Overlord  
  74  4:52  Spire  
  74  4:54  Queen  
  74  4:55  Extractor x2  
  74  4:56  Drone  
  74  4:57  Overlord  
  74  5:02  Extractor x2  
  72  5:07  Overlord  
  72  5:11  Drone  
  72  5:12  Drone x6  
  79  5:16  Overlord  
  79  5:19  Drone x4  
  83  5:21  Evolution Chamber  
  83  5:26  Drone x2  
  83  5:27  Drone x2  
  86  5:29  Overlord  
  86  5:32  Overlord  
  86  5:44  Hatchery  
  86  5:45  Overlord  
  86  5:47  Drone  
  86  5:48  Drone x2, Evolution Chamber  
  87  5:53  Overlord  
  87  6:03  Overlord  
  87  6:04  Mutalisk x4  
  87  6:06  Overlord  
  87  6:09  Mutalisk x2  
  99  6:11  Mutalisk  
  99  6:14  Mutalisk  
  99  6:16  Mutalisk  
  105  6:18  Mutalisk  
  105  6:23  Mutalisk  
  105  6:25  Overlord  
  109  6:26  Mutalisk  
  109  6:28  Zergling x4  
  109  6:31  Overlord  
  113  6:34  Overlord  
  113  6:35  Centrifical Hooks  
  113  6:41  Zergling x10  
  114  6:48  Zergling x4  
  114  6:49  Zergling x4  
  114  6:52  Mutalisk  
  114  6:53  Mutalisk  
  107  6:57  Mutalisk  
  107  6:59  Drone  
  107  7:01  Queen  
  107  7:03  Queen  
  107  7:05  Zerg Ground Armor Level 1  
  107  7:06  Drone  
  107  7:07  Drone  
  113  7:11  Mutalisk  
  113  7:13  Drone x5  
  113  7:15  Drone x2  
  122  7:19  Zerg Melee Weapons Level 1  
  122  7:20  Mutalisk  
  122  7:22  Zergling x4  
  126  7:24  Zergling x4  
  128  7:30  Drone x2  
  128  7:31  Drone x2  
  128  7:33  Unknown  
  128  7:35  Overlord  
  131  7:41  Drone  
  131  7:43  Overlord  
  130  7:44  Drone x2  
  130  7:45  Zergling x10  
  137  7:56  Zergling x2, Mutalisk x3  
  144  7:58  Baneling x7  
  144  7:59  Zergling x2, Baneling  
  144  8:02  Mutalisk  
  144  8:03  Hatchery  
  144  8:04  Zergling x6  
  147  8:07  Mutalisk  
  147  8:08  Drone  
  150  8:17  Zergling x6  
  150  8:18  Zergling x2  
  152  8:21  Zergling x12  
  152  8:26  Baneling  
  158  8:27  Baneling x16  
  158  8:28  Zergling x6  
  158  8:29  Zergling x2  
  162  8:39  Zergling x8  
  162  8:41  Baneling x9  
  166  8:45  Zergling x6  
  166  8:48  Zergling x2  
  159  8:56  Zergling x24  
  169  9:03  Mutalisk  
  169  9:05  Mutalisk  
  169  9:08  Overlord  
  173  9:10  Baneling  
  173  9:11  Baneling x7, Mutalisk x2  
  176  9:18  Zerg Ground Armor Level 2  
  176  9:19  Zergling x2  
  176  9:20  Zergling x18  
  186  9:28  Zergling x10  
  191  9:31  Zergling x2  
  191  9:32  Zergling x2  
  191  9:36  Infestation Pit  
  191  9:37  Zerg Melee Weapons Level 2  
  192  9:40  Mutalisk x2  
  192  9:41  Zergling x2  
  192  9:45  Overlord  
  197  9:50  Overlord  
  197  9:51  Zerg Flyer Weapons Level 1  
  197  10:03  Overlord  
  197  10:05  Overlord  
  195  10:15  Zergling x8  
  181  10:39  Mutalisk x3  
  181  10:40  Mutalisk x4  
  181  10:42  Zergling x2  
  196  10:43  Drone, Zergling x4  
  196  10:45  Hive  
  199  10:53  Overlord  
  198  10:58  Hatchery  
  198  10:59  Queen  
  199  11:11  Baneling x3  
  199  11:12  Baneling x9  
  199  11:13  Pneumatized Carapace, Overseer  
  197  11:28  Zergling x2  
  197  11:29  Zergling x4  
  193  11:33  Spore Crawler  
  188  11:45  Zerg Flyer Armor Level 1, Spore Crawler  
  179  11:47  Zergling x2  
  179  11:48  Zergling x4  
  179  11:49  Baneling x17  
  179  11:50  Baneling x8  
  179  11:51  Zergling x36  
  198  12:07  Zergling x2  
  198  12:08  Zerg Ground Armor Level 3, Baneling x3  
  199  12:09  Zerg Melee Weapons Level 3  
  199  12:12  Ultralisk Cavern, Extractor  
  199  12:15  Extractor  
  175  12:32  Zergling x2  
  175  12:33  Baneling, Zergling x16  
  175  12:34  Baneling x14  
  175  12:35  Zergling x14  
  175  12:36  Zergling x36  
  196  12:37  Baneling x9  
  196  12:42  Baneling  
  196  12:43  Baneling x3  
  192  12:44  Zergling x10  
  192  12:45  Zergling x2  
  192  12:50  Zergling x6  
  192  12:51  Zergling x6  
  195  12:53  Adrenal Glands  
  193  13:00  Baneling x2  
  193  13:01  Baneling x5  
  193  13:03  Zergling x2  
  193  13:04  Zergling x10  
  157  13:19  Mutalisk  
  114  13:20  Mutalisk x3  
  114  13:21  Zergling x16  
  114  13:22  Zergling x6  
  125  13:28  Zergling x2  
  125  13:30  Mutalisk x2  
  125  13:31  Zergling x4  
  125  13:33  Zergling x2  
  125  13:34  Zergling x16  
  134  13:39  Drone x2  
  134  13:40  Drone  
  136  13:45  Zergling x4  
  136  13:46  Baneling x2  
  136  13:47  Baneling x4  
  134  13:50  Zergling x4  
  134  13:54  Zergling x2, Mutalisk x2  
  134  13:55  Zergling x2  
  127  13:58  Zergling x2  
  127  14:01  Baneling x4  
  125  14:05  Zergling x16  
  125  14:09  Zergling x2  
  119  14:10  Zergling x16  
  119  14:11  Zergling x2  
  119  14:14  Zergling x6  
  119  14:15  Baneling x3  
  124  14:20  Zergling x2  
  114  14:25  Zergling x6  
  114  14:26  Baneling x8  
  114  14:28  Zergling x2  
  114  14:29  Zergling x4  
  113  14:39  Mutalisk  
  113  14:40  Mutalisk x3  
  113  14:42  Mutalisk  
  121  14:49  Mutalisk  
  121  14:50  Mutalisk  
  124  14:57  Mutalisk x2  
  126  15:03  Mutalisk  
  126  15:04  Zergling x4  
  120  15:11  Mutalisk  
  120  15:12  Zergling x2  
  120  15:13  Mutalisk  
  122  15:14  Zergling x12  
  122  15:17  Zergling x4  
Show
View Real Time Build Order
Export as new Build Order

SpeCial Terran 

Build Orders: Reaper Expand 

Get SALT Encoding   

  12  0:00  SCV  
  13  0:12  SCV  
  14  0:17  Supply Depot  
  14  0:24  SCV  
  15  0:39  SCV  
  15  0:41  Barracks  
  16  0:44  Refinery  
  16  0:51  SCV  
  17  1:03  SCV  
  18  1:15  SCV  
  19  1:29  Orbital Command, Reaper  
  20  1:40  Command Center  
  20  1:51  Supply Depot  
  20  1:54  SCV  
  20  2:00  Marine  
  22  2:03  Factory  
  22  2:07  SCV  
  23  2:19  SCV  
  24  2:27  Barracks Reactor  
  24  2:31  SCV  
  25  2:38  Command Center  
  25  2:44  SCV  
  26  2:52  Orbital Command  
  26  2:54  Refinery  
  26  2:56  SCV  
  27  3:03  Starport  
  27  3:08  SCV  
  27  3:11  Hellion  
  30  3:14  Hellion  
  30  3:17  Barracks Tech Lab  
  32  3:20  SCV  
  32  3:22  SCV  
  34  3:35  SCV x2  
  34  3:37  Hellion x2  
  34  3:39  Supply Depot  
  40  3:47  SCV x2, Marine  
  43  3:51  Raven  
  43  3:53  Orbital Command  
  45  3:59  SCV  
  45  4:01  Hellion  
  48  4:03  Hellion  
  48  4:08  Barracks Tech Lab  
  50  4:12  SCV x2  
  50  4:15  Supply Depot  
  52  4:19  SCV  
  53  4:24  SCV  
  53  4:29  Stimpack, Marine  
  55  4:34  SCV  
  55  4:35  Factory Reactor  
  55  4:36  Barracks  
  55  4:37  Orbital Command  
  56  4:39  Barracks  
  56  4:41  Supply Depot  
  56  4:44  SCV, Starport Reactor  
  57  4:46  SCV, Marine  
  57  4:52  Engineering Bay x2  
  59  4:55  Refinery  
  59  4:56  SCV  
  59  4:58  SCV  
  59  4:59  Refinery  
  61  5:04  Marine  
  61  5:06  SCV  
  63  5:08  SCV  
  63  5:10  SCV  
  63  5:12  Supply Depot  
  65  5:18  SCV  
  65  5:20  SCV  
  70  5:22  Terran Infantry Armor Level 1, Terran Infantry Weapons Level 1, Marine  
  70  5:24  SCV  
  70  5:26  Marine x2  
  71  5:30  SCV  
  71  5:33  Marine x2  
  71  5:34  Supply Depot  
  74  5:37  Medivac x2  
  74  5:38  SCV x2  
  74  5:40  Marine  
  74  5:42  SCV  
  82  5:44  Marine x2  
  82  5:49  Siege Tank  
  87  5:50  SCV  
  87  5:53  Barracks x2, Marine x2  
  90  5:57  SCV  
  90  5:58  SCV, Marine  
  90  6:00  Supply Depot  
  90  6:01  Marine x2  
  95  6:07  SCV  
  95  6:10  SCV  
  95  6:11  Marine x2  
  97  6:13  SCV  
  97  6:16  Marine  
  97  6:17  Combat Shield  
  101  6:22  Siege Tank, SCV x2, Marine x2  
  101  6:24  Supply Depot  
  108  6:26  Supply Depot  
  108  6:29  Marine  
  109  6:46  Medivac x2, Marine x4  
  117  6:47  SCV, Marine  
  117  6:51  SCV  
  102  6:56  SCV  
  102  6:58  Barracks Reactor x2  
  96  7:02  Missile Turret  
  96  7:03  Armory, Missile Turret x2, Marine x4  
  96  7:04  SCV x2  
  96  7:05  Marine  
  96  7:08  SCV  
  101  7:10  Siege Tank  
  103  7:16  SCV  
  103  7:19  SCV  
  103  7:21  Marine x4  
  109  7:23  Factory, Refinery, Marine  
  109  7:26  SCV  
  111  7:36  Marine x4  
  115  7:38  SCV  
  115  7:39  Marine x4  
  115  7:40  Marine  
  121  7:46  Supply Depot  
  121  7:47  Supply Depot  
  121  7:48  Missile Turret  
  121  7:51  Terran Infantry Weapons Level 2, Terran Infantry Armor Level 2  
  121  7:53  Marine  
  121  7:54  Marine x3  
  125  8:07  Marine x5  
  125  8:08  Factory Reactor  
  125  8:11  Marine x3  
  125  8:12  Marine  
  134  8:17  Medivac x2  
  137  8:25  Marine x4  
  141  8:27  Thor, Marine  
  141  8:29  Marine  
  141  8:31  Command Center  
  149  8:35  Marine  
  149  8:38  Command Center  
  149  8:41  SCV  
  149  8:50  Marine x3  
  149  8:52  Widow Mine, SCV, Marine  
  149  8:53  Marine x2  
  149  8:54  Marine x3  
  148  8:56  Widow Mine  
  143  9:07  Drilling Claws  
  143  9:08  Marine x3  
  143  9:09  Marine  
  145  9:11  Marine x2  
  145  9:12  Marine  
  145  9:13  Sensor Tower  
  145  9:15  Missile Turret  
  145  9:16  Thor, Marine x2  
  157  9:21  SCV x2  
  157  9:32  Supply Depot  
  157  9:33  Supply Depot  
  157  9:34  Supply Depot  
  157  9:40  Barracks  
  157  9:41  Barracks x2  
  157  9:53  Marine x4  
  157  9:54  Widow Mine x2  
  157  9:55  Marine x5  
  170  10:00  Medivac x2  
  170  10:03  Widow Mine  
  174  10:11  Marine x4  
  174  10:12  Marine x5  
  180  10:20  Supply Depot x2  
  180  10:23  Widow Mine  
  176  10:29  Marine x4  
  176  10:30  Medivac, Marine x4  
  176  10:34  Medivac  
  160  10:37  Marine x2  
  160  10:39  Barracks Tech Lab x2  
  160  10:41  Widow Mine  
  160  10:42  Widow Mine  
  165  10:46  SCV x3  
  165  10:49  Terran Infantry Armor Level 3, Marauder  
  170  10:53  Marine x2  
  170  10:56  Marine  
  173  10:58  Marine  
  173  11:00  Medivac  
  173  11:03  Marine x2  
  176  11:04  Marauder, Marine  
  176  11:06  Barracks Tech Lab  
  176  11:07  Marauder, Marine  
  176  11:10  Marauder, Marine  
  183  11:17  Missile Turret  
  183  11:19  Marine  
  183  11:25  Marauder, Marine  
  183  11:26  Marauder  
  183  11:29  Marauder  
  183  11:31  Marine x2  
  183  11:32  Marauder  
  192  11:34  Widow Mine x2  
  196  11:45  Medivac  
  196  11:46  Medivac  
  197  11:48  Marine  
  197  11:49  Marauder  
  200  11:55  Marine  
  200  11:56  Marauder, Marine  
  200  12:02  Concussive Shells  
  200  12:03  Command Center  
  199  12:14  Marauder, Marine  
  200  12:25  Engineering Bay  
  198  12:34  Marauder, Marine  
  198  12:35  Widow Mine x2  
  184  12:37  Thor  
  184  12:40  SCV x2, Marine  
  184  12:41  Marauder  
  184  12:43  Command Center, Marine x2  
  184  12:44  Command Center, Marauder, Marine  
  197  12:51  Marine x3  
  197  12:52  Marauder, Marine  
  197  12:55  Barracks  
  197  12:56  Sensor Tower, Marauder  
  197  13:07  Marine  
  197  13:08  Marauder, Widow Mine, Marine  
  168  13:13  Marine  
  168  13:14  Marauder, Marine x2  
  126  13:20  Marine  
  126  13:21  Marauder, Marine  
  126  13:22  Widow Mine x2  
  126  13:23  Marauder  
  126  13:27  Marine  
  132  13:30  Marauder  
  132  13:32  Marine  
  131  13:35  Marauder  
  131  13:36  Widow Mine  
  135  13:43  Marine  
  135  13:44  Marauder  
  136  13:54  Marine x2  
  136  13:55  Marauder  
  121  13:56  Marauder  
  121  14:01  Marauder, Marine  
  101  14:18  Marine  
  101  14:23  Marine x2  
  91  14:25  Marine x4  
  91  14:27  Marine x2  
  91  14:28  Marine x2  
  99  14:34  Marine  
  99  14:36  Marine  
  99  14:37  Widow Mine  
  99  14:38  Widow Mine  
  94  14:41  Marine x2  
  87  14:53  Marine  
  87  14:57  Marine x4  
  87  14:59  Marine x2  
  87  15:02  Marine  
  87  15:04  Marine  
  67  15:08  Marine  
  65  15:14  Marine x2  

Tags
 
Add a new tag
Caveats
  • Supply blocks, unpowered buildings, or Contaminate may cause inaccurate times.
  • Supply counts are checked every 10 seconds.